 Dungeon Crawl Stone Soup version 0.30-a0-937-ga0a21ad780 (webtiles) character file.

Game seed: 11122083920608737008

15572 Iniera the Grappler (level 12, -17/69 HPs)
             Began as a Vine Stalker Fighter on Mar 25, 2023.
             Was a High Priest of Cheibriados.
             Demolished by a death yak (47 damage)
             ... on level 11 of the Dungeon.
             The game lasted 00:12:52 (8714 turns).

Iniera the Grappler (Vine Stalker Fighter)          Turns: 8714, Time: 00:12:52

Health: -17/69     AC: 26    Str: 42    XL:     12   Next: 28%
Magic:  0/15       EV:  2    Int: 22    God:    Cheibriados [*****.]
Gold:   1122       SH:  0    Dex: 32    Spells: 11/11 levels left

rFire   . . .      SeeInvis +      - Unarmed
rCold   . . .      Faith    .    b - +0 buckler
rNeg    + . .      Spirit   +    i - +1 crystal plate armour
rPois   +          Reflect  +    x - +0 helmet
rElec   .          Rampage  .    D - +2 cloak
rCorr   .                        H - +0 pair of gloves
Will    +....                    l - +1 pair of boots Stlth
                                 I - amulet of reflection
HPRegen 1.11/turn                t - +6 ring of strength
MPRegen 0.14/turn                E - ring of the Leaf {rPois rN+ Dex+2 SInv}

@: sleeping, very slow
A: fangs 3, regeneration 1, magic shield, antimagic bite, no potion heal 2
a: Renounce Religion, Bend Time, Temporal Distortion, Slouch, Step From Time


You were on level 11 of the Dungeon.
You worshipped Cheibriados.
Cheibriados was extremely pleased with you.
You visited 2 branches of the dungeon, and saw 12 of its levels.
You also visited: Bailey.

You collected 1136 gold pieces.
You spent 14 gold pieces at shops.

Inventory:

Armour
 b - a +0 buckler (worn)
 i - a +1 crystal plate armour (worn)
 l - a +1 pair of boots (worn)
 x - a +0 helmet (worn)
 D - a +2 cloak (worn)
 H - a +0 pair of gloves (worn)
Jewellery
 f - a ring of positive energy
 t - a +6 ring of strength (left hand)
 E - the ring of the Leaf (right hand) {rPois rN+ Dex+2 SInv}
   (You found it on level 9 of the Dungeon)

   [ring of see invisible]

   Dex:       It affects your dexterity (+2).
   rPois:     It protects you from poison.
   rN:        It protects you from negative energy.
   SInv:      It lets you see invisible.
 I - an amulet of reflection (around neck)
Wands
 g - a wand of flame (46)
 q - a wand of digging (6)
 s - a wand of quicksilver (4)
 B - a wand of paralysis (11)
Scrolls
 d - 2 scrolls of fear
 e - a scroll of immolation
 h - a scroll of teleportation
 j - 2 scrolls of magic mapping
 k - 2 scrolls of vulnerability
 p - a scroll of poison
 r - 2 scrolls of enchant weapon {unknown}
 y - a scroll of enchant armour {unknown}
 z - a scroll of summoning {unknown}
 J - a scroll of blinking
Potions
 a - 2 potions of resistance
 c - 2 potions of might
 m - a potion of brilliance {unknown}
 n - 2 potions of curing
 o - 3 potions of magic {unknown}
 u - 4 potions of heal wounds {unknown}
 v - 4 potions of haste {unknown}
 w - 2 potions of attraction {unknown}
 A - a potion of degeneration
 C - a potion of lignification {unknown}
 F - a potion of flight {unknown}
 G - a potion of mutation {unknown}
Miscellaneous
 K - a phantom mirror


   Skills:
 * Level 10.7 Fighting
 + Level 6.1 Armour
 - Level 1.1 Dodging
 + Level 8.4 Shields
 + Level 11.7 Unarmed Combat
 + Level 3.3 Invocations


You had 11 spell levels left.
You didn't know any spells.
Your spell library contained the following spells:

 Spells                   Type           Power      Damage    Failure   Level
 Blink                    Tloc           0%         N/A       99%         2
 Ensorcelled Hibernation  Hex/Ice        0%         N/A       99%         2
 Passwall                 Tmut/Erth      0%         N/A       99%         2
 Sublimation of Blood     Necr           0%         N/A       99%         2
 Wereblood                Tmut           0%         N/A       99%         2
 Swiftness                Air            0%         N/A       100%        3
 Tukima's Dance           Hex            0%         N/A       100%        3
 Leda's Liquefaction      Hex/Erth       0%         N/A       100%        4
 Manifold Assault         Tloc           0%         N/A       100%        4
 Passage of Golubria      Tloc           0%         N/A       100%        4
 Lee's Rapid Deconstruct  Erth           0%         3d4*      100%        5
 Yara's Violent Unravell  Hex/Tmut       0%         3d3       100%        5
 Dispersal                Tloc           0%         N/A       100%        6
 Statue Form              Tmut/Erth      0%         N/A       100%        6
 Storm Form               Tmut/Air       0%         N/A       100%        7
 Summon Hydra             Summ           0%         N/A       100%        7
 Disjunction              Tloc           0%         N/A       100%        8


Dungeon Overview and Level Annotations

Branches:
Dungeon (11/15)            Temple (1/1) D:4            Lair (0/5) D:10
    Orc (0/2) D:10         Bailey (visited)

Altars:
Ashenzari
Cheibriados
Dithmenos
Elyvilon
Fedhas
Gozag
Hepliaklqana
Kikubaaqudgha
Makhleb
Nemelex Xobeh
Okawaru
Qazlal
Ru
Sif Muna
Trog
Uskayaw
Vehumet
Wu Jian
Xom
Yredelemnul
Zin
The Shining One

Shops:
D:10 !   D:11 :


Innate Abilities, Weirdness & Mutations

You have razor-sharp teeth.
Your natural rate of healing is unusually fast.
When hurt, damage is shared between your health and your magic reserves.
Your bite disrupts and absorbs the magic of your enemies.
Potions cannot restore your health.


Message History

You pummel the death yak!!
You bite the death yak, but do no damage.
The death yak is severely wounded.
The yak gores you but does no damage. You block the death yak's attack.
You pummel the death yak!!
The death yak is almost dead.
You punch the death yak!
You kill the death yak!
Cheibriados appreciates the change of pace.
The yak gores you but does no damage.
The dream sheep shake their wool and sparkle.
You feel drowsy...
You fall asleep.
The yak barely misses you.
You wake up.
You barely miss the yak. You hit the death yak.
The death yak is lightly wounded.
The yak gores you. The death yak closely misses you.
You hit the death yak. You bite the death yak! You drain its power.
You feel invigorated.
The death yak is lightly wounded.
The yak gores you! You block the death yak's attack.
You punch the yak! You bite the yak! You drain its power.
You feel invigorated.
The yak is heavily wounded.
You punch the yak! You bite the yak! You drain its power.
The yak is almost dead.
You block the yak's attack. You block the death yak's attack.
You hit the yak but do no damage. You bite the yak.
You kill the yak!
Cheibriados appreciates the change of pace.
You block the death yak's attack.
You punch the death yak!
The death yak is moderately wounded.
You block the death yak's attack.
You hit the death yak. You bite the death yak! You drain its power.
The death yak is heavily wounded.
The dream sheep shakes its wool and sparkles.
You feel drowsy...
You fall asleep.
The death yak barely misses you. The death yak gores you!!!
Ouch! That really hurt!
You die...

.........#...#.#...#.# #.......
.........#...#.#...#.# #.......
.........#...#.#...#.# #.......
....#....##'##.##'##.## ##.......
....#.....#.#...#.#...# #........
..........#.#...#.#...# #...<....
........###'#####'#####'#........
........'...............##.......
#.#..#..'.......@Y......#....##..
###.##..###'#####Y#####'#....#...
..........#.##..#Y#... #....#...
..).......#.#...#.#... ##.......
#.##.##..##'##.##Y##.# #......#
####.#...#...#.#YYY#.# #.....##
#...#...#...#.#.YY#.# #...).##
#......# #.#YYY#.# #......#
####...# #.#.YY#.# #.##....


You could see 6 death yaks, 3 yaks and a dream sheep.

Vanquished Creatures
  A boulder beetle (D:11)
  3 death yaks (D:11)
  A two-headed ogre (D:10)
  Pikel (D:5)
  Maurice (D:9)
  A gargoyle (D:10)
  Psyche (D:8)
  Maggie (D:6)
  2 unseen horrors
  A kobold demonologist (D:10)
  3 trolls
  Prince Ribbit (D:8)
  2 dream sheep (D:11)
  A wyvern (D:9)
  A wraith (D:10)
  A steam dragon (D:9)
  19 yaks
  3 humans (D:11)
  2 vampire mosquitoes (D:10)
  Menkaure (D:7)
  2 acid dragons
  2 water moccasins
  9 orc warriors
  5 black bears
  2 ice beasts
  2 ogres (D:6)
  A centaur (D:10)
  A lemure (D:5)
  5 phantoms
  9 kobold brigands
  6 bullfrogs
  5 scorpions
  5 wights (D:8)
  3 killer bees (D:8)
  A howler monkey (D:10)
  3 jellies
  5 hounds
  A gnoll bouda (D:5)
  5 orc priests
  6 iguanas
  9 orc wizards
  7 adders
  5 gnolls
  A white imp (D:5)
  4 worms
  2 dart slugs
  40 orcs
  3 bats
  5 endoplasms
  4 giant cockroaches
  11 goblins
  8 hobgoblins
  9 jackals
  3 quokkas
  10 ball pythons
  2 frilled lizards
  34 kobolds
  2 rats (D:3)
284 creatures vanquished.

Vanquished Creatures (others)
  A giant cockroach (D:4)
  A jackal (D:4)
  28 fungi (D:10)
  27 plants (D:10)
57 creatures vanquished.

Grand Total: 341 creatures vanquished

Notes
Turn   | Place    | Note
-------+----------+-------------------------------------------
     0 | D:1      | Iniera the Vine Stalker Fighter began the quest for the
                  | Orb.
     0 | D:1      | Reached XP level 1. HP: 11/11 MP: 2/2
   128 | D:1      | Found a faded altar of an unknown god.
   184 | D:1      | Reached XP level 2. HP: 15/16 MP: 1/3
   482 | D:1      | Reached skill level 3 in Unarmed Combat
   606 | D:1      | Reached XP level 3. HP: 1/19 MP: 4/4
  1299 | D:2      | Reached skill level 4 in Unarmed Combat
  1509 | D:2      | Gained mutation: Your natural rate of healing is unusually
                  | fast. [Vine Stalker growth]
  1509 | D:2      | Reached XP level 4. HP: 23/23 MP: 5/5
  1658 | D:3      | Found a glowing silver altar of Zin.
  1658 | D:3      | Found a burning altar of Makhleb.
  1659 | D:3      | Noticed a balrug
  1659 | D:3      | Noticed an angel
  1953 | D:3      | Identified the +7 trident "Kyrheaz" {elec, Fragile rN++
                  | Dex+6}
  2397 | D:4      | Reached skill level 5 in Unarmed Combat
  2397 | D:4      | Reached XP level 5. HP: 24/27 MP: 6/6
  2432 | D:4      | Found a staircase to the Ecumenical Temple.
  2471 | D:4      | Reached skill level 6 in Unarmed Combat
  2471 | D:4      | Reached XP level 6. HP: 26/32 MP: 7/7
  2523 | Temple   | Entered the Ecumenical Temple
  2731 | Temple   | Became a worshipper of Cheibriados the Contemplative
  2877 | D:4      | Found a white marble altar of Elyvilon.
  2938 | D:4      | Reached XP level 7. HP: 37/37 MP: 6/8
  3082 | D:4      | Found a sacrificial altar of Ru.
  3090 | D:4      | Reached * piety under Cheibriados
  3155 | D:4      | Found a stormy altar of Qazlal.
  3256 | D:5      | Entered Level 5 of the Dungeon
  3268 | D:5      | Reached skill level 7 in Unarmed Combat
  3470 | D:5      | Gained mutation: You have razor-sharp teeth. [Vine Stalker
                  | growth]
  3470 | D:5      | Reached XP level 8. HP: 33/42 MP: 7/9
  3631 | D:5      | Noticed Pikel
  3648 | D:5      | Killed Pikel
  3648 | D:5      | Reached ** piety under Cheibriados
  3649 | D:5      | Reached skill level 5 in Fighting
  3649 | D:5      | Reached skill level 8 in Unarmed Combat
  3856 | D:5      | Reached skill level 9 in Unarmed Combat
  4037 | D:6      | Reached XP level 9. HP: 35/47 MP: 10/10
  4133 | D:6      | Found a hide-covered altar of Uskayaw.
  4386 | D:6      | Noticed Maggie
  4395 | D:6      | Killed Maggie
  4396 | D:6      | Reached skill level 5 in Shields
  4493 | D:6      | Reached skill level 10 in Unarmed Combat
  4624 | D:7      | Noticed a troll
  4649 | D:7      | Killed a troll
  4698 | D:7      | Found a blossoming altar of Fedhas.
  4706 | D:7      | Found a bloodstained altar of Trog.
  4706 | D:7      | Found an opulent altar of Gozag.
  4783 | D:7      | Reached *** piety under Cheibriados
  5057 | D:7      | Noticed Menkaure
  5064 | D:7      | Killed Menkaure
  5205 | D:8      | Reached XP level 10. HP: 48/53 MP: 11/11
  5238 | D:8      | Reached skill level 1 in Invocations
  5451 | D:8      | Reached **** piety under Cheibriados
  5597 | D:8      | Noticed Prince Ribbit
  5601 | D:8      | Killed Prince Ribbit
  5813 | D:8      | Noticed Psyche
  5831 | D:8      | Killed Psyche
  6371 | D:9      | Noticed Maurice
  6387 | D:9      | Killed Maurice
  6994 | D:9      | Identified the ring of the Leaf {rPois rN+ Dex+2 SInv}
  7019 | D:10     | Entered Level 10 of the Dungeon
  7077 | D:10     | Reached skill level 1 in Dodging
  7120 | D:10     | Found Zejoil's Distillery.
  7126 | D:10     | Bought a potion of degeneration for 14 gold pieces
  7130 | D:10     | Identified a scroll of acquirement
  7131 | D:10     | Acquired a +1 crystal plate armour
  7168 | D:10     | Reached ***** piety under Cheibriados
  7169 | D:10     | Found a flagged portal.
  7188 | Bailey   | Entered a bailey
  7252 | Bailey   | Reached XP level 11. HP: 54/60 MP: 14/14
  7276 | Bailey   | Found a bloodstained altar of Trog.
  7397 | D:10     | Noticed a two-headed ogre
  7405 | D:10     | Killed a two-headed ogre
  7450 | D:10     | Found a staircase to the Lair.
  7477 | D:10     | Reached skill level 5 in Armour
  7516 | D:10     | Identified the +5 falchion of Enketope {heavy, rC+ Str+3
                  | Dex+3}
  7551 | D:10     | Reached skill level 11 in Unarmed Combat
  7750 | D:10     | Found an ornate altar of the Wu Jian Council.
  7859 | D:10     | Identified the +0 helmet of the Carpenter {Int+6}
  8073 | D:10     | Found a staircase to the Orcish Mines.
  8125 | D:11     | Noticed a death yak
  8125 | D:11     | Noticed a death yak
  8126 | D:11     | Noticed a death yak
  8127 | D:11     | Noticed a death yak
  8210 | D:11     | Noticed a boulder beetle
  8233 | D:11     | Killed a death yak
  8234 | D:11     | Reached skill level 10 in Fighting
  8238 | D:11     | Killed a death yak
  8241 | D:11     | Reached XP level 12. HP: 12/67 MP: 7/15
  8249 | D:11     | Killed a boulder beetle
  8297 | D:11     | Noticed a death yak
  8298 | D:11     | Noticed a death yak
  8300 | D:11     | Noticed a death yak
  8303 | D:11     | Noticed a death yak
  8303 | D:11     | Noticed a death yak
  8455 | D:11     | Found Vanoz's Book Boutique.
  8704 | D:11     | Killed a death yak
  8714 | D:11     | Demolished by a death yak

Illustrated notes

Levels and vault maps discovered:
D:1:      dpeg_arrival_morbid_curiosity, layout_basic,
          hellmonk_ecumenical_altar_zigzags, serial_bayou_lagoon_a,
          nicolae_concentric_dashed_squares_mild, minmay_tall_x
D:2:      layout_basic, minmay_split_cup_large
D:3:      layout_loops_ring, grunt_temple_overflow_order_and_chaos_2,
          chequers_serial_rivers_small_3
D:4:      layout_rooms, mainiacjoe_overflow_chevrons, nicolae_ru_awakened_eye,
          elyvilon_altar_4, temple_pool_b, portal_sewer_entry_b,
          minmay_distorted
D:5:      layout_basic, uniq_pikel
D:6:      layout_basic, mainiacjoe_overflow_cross_hatched, uniq_maggie
D:7:      layout_basic, grunt_temple_overflow_open, wad_floor_pattern_untrapped,
          kennysheep_generic_room_10, uniq_menkaure
D:8:      layout_loops_cross, uniq_psyche, uniq_prince_ribbit1
D:9:      layout_stronghold, minmay_hedge_maze, minivault_21, uniq_maurice
D:10:     layout_roguey, pf_just_have_faith, due_lair_maze_entry_diamond,
          enter_bailey_3, serial_shops, shop
D:11:     slaughterhouse, layout_cave_pools, serial_shops, shop
Temple:   nicolae_temple_slightly_damp_pantheon

Skill      XL: |  1  2  3  4  5  6  7  8  9 10 11 12 |
---------------+-------------------------------------+-----
Unarmed Combat | 3 4 5 6 7 9 10 11 | 11.7
Fighting       | 3 4 5 6 8 10 | 10.7
Shields        | 3 4 5 6 8 |  8.4
Armour         | 3 4 5 6 |  6.1
Invocations    | 3 |  3.3
Dodging        | 1 |  1.1

Action                     |  1- 3 |  4- 6 |  7- 9 | 10-12 || total
---------------------------+-------+-------+-------+-------++-------
  Melee: Unarmed           |   104 |   157 |   248 |   374 ||   883
         Bite              |    28 |    42 |    81 |   133 ||   284
 Invoke: Slouch            |       |       |       |     1 ||     1
  Evoke: Wand              |       |       |       |     1 ||     1
    Use: Potion            |     1 |       |     1 |       ||     2
         Scroll            |       |       |    10 |     6 ||    16
 Armour: Scale mail        |     8 |       |       |       ||     8
         Chain mail        |    29 |    40 |    83 |    55 ||   207
         Crystal plate arm |       |       |       |   124 ||   124
  Dodge: Dodged            |    50 |    67 |   128 |   134 ||   379
  Block: Buckler           |    14 |    28 |    55 |   194 ||   291

Table legend: (Time is in decaauts)
 A = Elapsed time spent in this place.
 B = Non-inter-level travel time spent in this place.
 C = Inter-level travel time spent in this place.
 D = Time resting spent in this place.
 E = Time spent auto-exploring this place.
 F = Levels seen in this place.
 G = Mean time per level.
                   A        B        C        D        E       F      G
               +--------+--------+--------+--------+--------+-----+--------+
         Total |  11798 |  11119 |    679 |    129 |   8896 |  13 |  907.5 |
       Dungeon |  11261 |  10606 |    655 |    129 |   8589 |  11 | 1023.7 |
        Temple |    232 |    208 |     24 |      0 |    156 |   1 |  232.0 |
        Bailey |    304 |    304 |      0 |      0 |    150 |   1 |  304.0 |
               +--------+--------+--------+--------+--------+-----+--------+

Top non-repeatable levels by time:
     D:9: 1734 daAuts
    D:10: 1473 daAuts
     D:8: 1211 daAuts
     D:1: 1137 daAuts
    D:11: 1003 daAuts
     D:5: 998 daAuts
     D:7: 923 daAuts
     D:4: 776 daAuts
     D:3: 753 daAuts
     D:6: 750 daAuts
     D:2: 496 daAuts
  Bailey: 304 daAuts
  Temple: 232 daAuts
